Map: Eternal Empire LE

Players

Crag

  • Race: Terran Terran
  • League: Diamond
  • Spawn Location: 1:00

VOD

Have the link to the VOD?

Description

Time

  • Played on: April 30, 2020, 2:09 p.m.
  • Length: 4:30
Show
View Real Time Build Order
Export as new Build Order

Crag Terran 

Build Orders:  

Get SALT Encoding   

  12  0:01  SCV  
  13  0:18  SCV  
  14  0:29  Supply Depot  
  14  0:38  Refinery  
  14  0:39  SCV  
  15  0:59  SCV  
  16  1:10  Barracks  
  16  1:16  SCV  
  17  1:23  Refinery  
  17  1:33  SCV  
  18  1:51  SCV  
  19  2:08  SCV  
  20  2:17  Factory  
  20  2:18  Barracks Reactor  
  20  2:25  Orbital Command  
  20  2:37  Supply Depot  
  20  3:00  SCV  
  21  3:17  SCV  
  22  3:27  Hellion  
  22  3:28  Hellion  
  26  3:34  Starport  
  26  3:40  SCV  
  26  3:41  Supply Depot  
  26  3:45  Barracks Tech Lab  
  27  3:57  SCV, Hellion  
Tags
 
Add a new tag
Caveats
  • Supply blocks, unpowered buildings, or Contaminate may cause inaccurate times.
  • Supply counts are checked every 10 seconds.